 Dungeon Crawl Stone Soup version 0.13-a0-3016-gcb2faac (webtiles) character file.

3732 PolkaDot the Cloud Mage (level 9, -1/55 HPs)
             Began as a Vampire Wizard on Sept 13, 2013.
             Was a Follower of Vehumet.
             Slain by an orc warrior
             ... wielding a -1,+0 orcish halberd
              (17 damage)
             ... on Level 8 of the Dungeon.
             The game lasted 00:48:40 (9412 turns).

PolkaDot the Cloud Mage (Vampire Wizard)            Turns: 9412, Time: 00:48:40

HP  -1/55        AC  4     Str  6      XL: 9   Next: 73%
MP  20/22        EV 13     Int 23      God: Vehumet [*.....]
Gold 376         SH  0     Dex 16      Spells:  4 memorised,  9 levels left

Res.Fire  : . . .   See Invis. : +   t - +1,+2 orc dagger (venom)
Res.Cold  : . . .   Warding    : .   p - +0 robe {Archmagi}
Life Prot.: + . .   Conserve   : .   (no shield)
Res.Poison: .       Res.Corr.  : .   b - +0 wizard hat
Res.Elec. : .       Clarity    : .   f - +0 cloak
Sust.Abil.: . .     Spirit.Shd : .   m - +0 pair of orc gloves
Res.Mut.  : .       Stasis     : .   (no boots)
Res.Rott. : .       Flight     : .   (no amulet)
Saprovore : . . .                    (no ring)
                                     a - +4 ring of dexterity

@: somewhat resistant to hostile enchantments, stealthy
A: bottle blood, fangs 3, see invisible, unbreathing
a: Bat Form, Bottle Blood, Renounce Religion


You were on level 8 of the Dungeon.
You worshipped Vehumet.
Vehumet was most pleased with you.
You were not thirsty.

You visited 2 branches of the dungeon, and saw 9 of its levels.

You collected 378 gold pieces.
You spent 22 gold pieces at shops.

Inventory:

Hand weapons
 t - a +1,+2 orcish dagger of venom (weapon)
Armour
 b - a +0 wizard hat (worn)
 f - a +0 cloak (worn)
 m - a +0 pair of orcish gloves (worn)
 p - a +0 robe of the Archmagi (worn)
Magical devices
 j - a wand of draining (4)
 n - a wand of random effects (14) {unknown}
 o - a wand of flame (12)
 s - a wand of frost (7) {unknown}
 v - a wand of cold (1) {unknown}
Scrolls
 d - 2 scrolls of enchant weapon I
 e - a scroll of remove curse
 q - 3 scrolls of identify
 r - 2 scrolls of teleportation
 u - a scroll of enchant weapon II
 w - a scroll of amnesia
Jewellery
 a - a +4 ring of dexterity (left hand)
 y - a +5 ring of evasion {unknown}
Potions
 h - a potion of speed
 i - a potion of might
 l - a potion of brilliance
 A - a potion of agility {unknown}
Books
 c - a book of Minor Magic

   Spells                             Type                      Level
   *Magic Dart                        Conjuration                  1
   *Blink                             Translocation                2
   Call Imp                           Summoning                    2
   Repel Missiles                     Charms/Air                   2
   Slow                               Hexes                        2
   *Conjure Flame                     Conjuration/Fire             3
   *Mephitic Cloud                    Conjuration/Poison/Air       3
 g - a book of Clouds

   Spells                             Type                      Level
   *Mephitic Cloud                    Conjuration/Poison/Air       3
   *Conjure Flame                     Conjuration/Fire             3
   Poisonous Cloud                    Conjuration/Poison/Air       6
   Freezing Cloud                     Conjuration/Ice/Air          6
   Ring of Flames                     Charms/Fire                  7
Magical staves
 k - an uncursed staff of wizardry
 x - an uncursed staff of earth


   Skills:
 - Level 2.1 Dodging
 - Level 3.0 Stealth
 + Level 5.4 Spellcasting
 - Level 5.0 Conjurations
   Level 1.0 Summonings
 - Level 0.7 Translocations
 * Level 8.3 Air Magic
 * Level 6.5 Poison Magic


You had 9 spell levels left.
You knew the following spells:

 Your Spells              Type           Power        Failure   Level  Hunger
a - Magic Dart            Conj           ####         1%          1    None
d - Mephitic Cloud        Conj/Pois/Air  ######..     1%          3    ##.....
q - Blink                 Tloc           N/A          12%         2    None
s - Conjure Flame         Conj/Fire      ####....     12%         3    ##.....


Dungeon Overview and Level Annotations

Branches:
Dungeon (8/27)             Temple (1/1) D:5
    Orc: D:6-11        Lair: D:8-13

Altars:
Cheibriados
Elyvilon
Fedhas
Kikubaaqudgha
Makhleb
Nemelex Xobeh
Okawaru
Sif Muna
Trog
Vehumet
Yredelemnul
Zin
the Shining One

Shops:
D:6 }[}*%


Innate Abilities, Weirdness & Mutations

You can bottle blood from corpses.
You have razor-sharp teeth.*
You have supernaturally acute eyesight.
You can survive without breathing.*


Message History

You hit the orc warrior.
The orc warrior is moderately wounded.
The orc moves out of view.
The orc warrior hits the orc with an orcish halberd!
The orc is killed!
Vehumet accepts your kill. Vehumet offers you knowledge of Sting.
You feel your power returning.
You hit the orc warrior but do no damage.
The orc warrior is moderately wounded.
The orc picks up a sling.
You hit the orc warrior.
You bite the orc warrior, but do no damage.
The orc warrior is heavily wounded.
The orc hits you from afar with an orcish trident.
The orc warrior hits you with an orcish halberd!
* * * LOW HITPOINT WARNING * * *
Drink which item? (? for menu, Esc to quit)
You feel better. The orc misses you.
The orc warrior hits you with an orcish halberd!
You die...

.#########...#######.#
#......(.
.#.........### #.#
#########
.#.#######.####### #.#
.# #.......# #.# .#
#######)# #.# .# #)#
#.# .# #)# #.# # .#
#.# . ... ...
#@###...... ###
#.oooo%.... #
######..... # . # # #


You could see an orc warrior (confused) and 3 orcs.

Vanquished Creatures
  Grinder (D:3)
  A hungry ghost (D:7)
  5 ice beasts
  3 sky beasts
  3 orc warriors
  2 ogres
  Sigmund (D:5)
  6 centaurs
  2 phantoms
  A giant frog (D:6)
  Blork the orc (D:4)
  2 crimson imps (D:8)
  3 jellies
  A quasit (D:5)
  Crazy Yiuf (D:3)
  2 orc priests
  8 orc wizards
  A hound (D:4)
  3 scorpions
  7 worker ants
  An iguana (D:3)
  Jessica (D:3)
  Terence (D:3)
  5 adders
  2 worm zombies
  A scorpion zombie (D:5)
  2 giant geckos (D:3)
  An ooze (D:1)
  23 orcs
  7 giant cockroaches
  13 goblins
  15 hobgoblins
  17 jackals
  10 kobolds
  2 quokkas
  6 bats
  6 giant newts
  A hobgoblin zombie (D:6)
  A kobold skeleton (D:7)
  12 rats
181 creatures vanquished.

Vanquished Creatures (others)
  An orc warrior (D:8)
  A jelly (D:5)
  A giant frog skeleton (D:5)
  An orc wizard (D:5)
  4 orcs
8 creatures vanquished.

Grand Total: 189 creatures vanquished

Notes
Turn   | Place    | Note
--------------------------------------------------------------
     0 | D:1      | PolkaDot, the Vampire Wizard, began the quest for the Orb.
     0 | D:1      | Reached XP level 1. HP: 11/11 MP: 6/6
   112 | D:1      | Reached skill level 1 in Conjurations
   248 | D:1      | Reached XP level 2. HP: 17/17 MP: 4/8
   822 | D:1      | Reached XP level 3. HP: 22/22 MP: 3/10
  1201 | D:2      | Learned a level 3 spell: Conjure Flame
  1205 | D:2      | Learned a level 3 spell: Mephitic Cloud
  2216 | D:2      | Reached skill level 1 in Air Magic
  2315 | D:3      | Noticed Jessica
  2317 | D:3      | Killed Jessica
  2317 | D:3      | Reached XP level 4. HP: 28/28 MP: 8/12
  3100 | D:3      | Noticed Terence
  3137 | D:3      | Killed Terence
  3137 | D:3      | Reached XP level 5. HP: 27/33 MP: 0/13
  3354 | D:3      | Noticed Grinder
  3360 | D:3      | Paralysed by Grinder for 2 turns
  3379 | D:3      | Killed Grinder
  3379 | D:3      | Reached skill level 4 in Conjurations
  3379 | D:3      | Reached XP level 6. HP: 16/39 MP: 0/15
  3591 | D:3      | Noticed Crazy Yiuf
  3600 | D:3      | Killed Crazy Yiuf
  3900 | D:4      | Noticed Blork the orc
  3939 | D:4      | Killed Blork the orc
  4136 | D:4      | Reached skill level 1 in Poison Magic
  4136 | D:4      | Reached XP level 7. HP: 44/44 MP: 13/17
  4186 | D:4      | Reached skill level 5 in Conjurations
  4685 | D:5      | Entered Level 5 of the Dungeon
  4968 | D:5      | Noticed Sigmund
  4977 | D:5      | Killed Sigmund
  5155 | D:5      | Reached skill level 5 in Air Magic
  5155 | D:5      | Reached XP level 8. HP: 32/50 MP: 0/18
  5311 | D:5      | Found a staircase to the Ecumenical Temple.
  5321 | Temple   | Entered the Ecumenical Temple
  5489 | Temple   | Became a worshipper of Vehumet
  6362 | D:6      | Found Plepoe's Food Shop.
  6419 | D:6      | Found Nouzxits' Gadget Boutique.
  6531 | D:6      | Reached skill level 6 in Air Magic
  6536 | D:6      | Acquired Vehumet's first power
  6536 | D:6      | Offered knowledge of Shock by Vehumet.
  6608 | D:6      | Found Waenuin's Armour Emporium.
  6693 | D:6      | Found Mizouthri's Gadget Shop.
  7121 | D:6      | Found Chent's General Store.
  7356 | D:6      | Learned a level 2 spell: Blink
  7359 | D:6      | Bought a scroll of identify for 22 gold pieces
  7587 | D:7      | Reached skill level 5 in Poison Magic
  7587 | D:7      | Reached XP level 9. HP: 55/55 MP: 10/21
  7685 | D:7      | Found a glowing golden altar of the Shining One.
  8123 | D:7      | Reached skill level 7 in Air Magic
  8609 | D:7      | Reached skill level 5 in Spellcasting
  9211 | D:8      | Reached skill level 8 in Air Magic
  9409 | D:8      | Offered knowledge of Sting by Vehumet.
  9412 | D:8      | Slain by an orc warrior

Action                   |  1- 3 |  4- 6 |  7- 9 || total
-------------------------+-------+-------+-------++-------
Melee: Unarmed           |    12 |       |       ||    12
       Short sword       |    29 |       |       ||    29
       Staff             |     8 |    22 |    30 ||    60
       Dagger            |       |       |    36 ||    36
 Cast: Magic Dart        |   110 |   112 |   343 ||   565
       Mephitic Cloud    |     1 |     4 |    21 ||    26
       Conjure Flame     |       |     5 |    17 ||    22
       Blink             |       |       |     2 ||     2
 Abil: Bottle Blood      |       |       |     1 ||     1
       End Transformatio |       |       |     1 ||     1
       Bat Form          |       |       |     1 ||     1
Evoke: Wand              |       |       |     1 ||     1
  Use: Potion            |     1 |     4 |     4 ||     9
       Scroll            |       |     9 |     6 ||    15
 Stab: Distracted        |     1 |       |       ||     1
       Sleeping          |     1 |     1 |     2 ||     4
       Confused          |       |       |     6 ||     6
